AoeStats
← Eugenius

Black Forest

509098520Analyzed
4v4 RM · 8d ago on Sep 25, 2026· 39m 35s· 8 players
Game mode
Random Map
Map size
Large (8 player)
Population
200
Speed
Normal
Resources
Standard
Victory
Conquest
Starting age
Dark Age
Ending age
Imperial Age
RankedLock teamsTeams togetherTeam positionsShared explorationLock speedFull tech treeHidden civsTurbo modeCheats
Victory
Defeat
🇷🇺 Vikings · Russia
1927
+12
🇨🇳 Wu · China
1874
+14
🇨🇳 Sicilians · China
1858
+15
1851
+15
🇺🇾 Aztecs · Uruguay
1932
-17
🇫🇷 Slavs · France
1848
-15
🇮🇹 Romans · Italy
1814
-13
🇷🇺 Celts · Russia
1746
-11
十大地方
10:24 Feudal Age
14:00 Castle Age
12:36 Double-Bit Axe
12:38 Horse Collar
15:23 Bow Saw
17:31 Heavy Plow
21:08 Gold Mining
24:59 Scale Mail Armor
25:48 Wheelbarrow
25:06 Town Watch
25:43 Forging
27:24 Iron Casting
27:05 Chain Mail Armor
32:24 Imperial Age
30:10 Hand Cart
29:42 Pikeman
30:22 Squires
30:43 Arson
31:56 Gold Shaft Mining
31:13 Stone Mining
32:19 Fletching
32:38 Caravan
33:16 Stone Shaft Mining
32:27 Loom
33:23 Ballistics
32:59 Bodkin Arrow
32:30 Halberdier
34:36 Plate Mail Armor
34:11 Bracer
35:12 Chemistry
33:54 Treadmill Crane
34:38 Conscription
35:05 Sitting Tiger
36:07 Blast Furnace
35:44 Padded Archer Armor
35:51 Scale Barding Armor
37:24 Two-Man Saw
37:24 Coinage
38:22 Bloodlines
38:12 Husbandry
37:33 Heavy Hei Guang Cavalry
38:04 Light Cavalry
39:54 Chain Barding Armor
CNZS_骑士老爷_帝国时代2
10:56 Feudal Age
11:27 Double-Bit Axe
14:31 Castle Age
12:58 Horse Collar
15:51 Bow Saw
16:16 Heavy Plow
19:09 Loom
22:01 Wheelbarrow
23:53 Hand Cart
24:31 Loom
27:42 Imperial Age
25:45 Gold Mining
25:45 Stone Mining
26:08 Treadmill Crane
27:29 Gold Shaft Mining
27:56 Stone Shaft Mining
27:29 Padded Archer Armor
28:20 Coinage
28:25 Leather Archer Armor
29:52 Chemistry
29:48 Guilds
30:09 Ring Archer Armor
31:17 Two-Man Saw
33:28 Fletching
35:03 Bodkin Arrow
< blank >
0:37 Loom
10:50 Feudal Age
15:56 Castle Age
13:56 Double-Bit Axe
14:04 Horse Collar
15:57 Town Watch
17:10 Bow Saw
26:31 Wheelbarrow
31:06 Imperial Age
29:14 Hand Cart
29:06 Stone Mining
29:07 Gold Mining
29:37 Heavy Plow
30:50 Scale Barding Armor
30:56 Forging
32:08 Gold Shaft Mining
31:57 Hauberk
31:23 Onager
31:56 Cavalier
33:21 First Crusade
33:24 Conscription
33:25 Chain Barding Armor
33:42 Iron Casting
33:44 Bloodlines
33:35 Husbandry
33:37 Caravan
34:05 First Crusade
33:47 Scale Mail Armor
34:38 Siege Engineers
35:14 Plate Barding Armor
34:23 Elite Serjeant
36:02 Scale Mail Armor
36:38 Iron Casting
37:02 Chain Mail Armor
38:17 Plate Mail Armor
38:47 Blast Furnace
Eugenius
0:40 Loom
11:14 Feudal Age
13:55 Fletching
18:50 Castle Age
18:57 Castle Age
17:08 Double-Bit Axe
17:47 Horse Collar
21:13 Bow Saw
27:28 Gold Mining
29:05 Stone Mining
32:03 Imperial Age
29:57 Scale Mail Armor
30:07 Forging
29:57 Scale Mail Armor
30:07 Forging
32:26 Gold Shaft Mining
32:43 Chain Mail Armor
32:40 Devotion
33:17 Iron Casting
34:04 Two-Man Saw
33:27 Conscription
33:22 Elite Berserk
34:33 Plate Mail Armor
34:07 Squires
33:48 Elite Berserk
35:45 Blast Furnace
35:08 Chieftains
38:45 Caravan
=)Svanhilde
11:16 Feudal Age
15:15 Castle Age
13:37 Double-Bit Axe
13:32 Horse Collar
13:44 Horse Collar
15:50 Wheelbarrow
16:28 Bow Saw
16:18 Heavy Plow
23:38 Hand Cart
24:50 Gold Mining
24:52 Stone Mining
25:59 Scale Barding Armor
26:05 Forging
26:35 Gold Shaft Mining
26:53 Bloodlines
27:04 Chain Barding Armor
27:09 Husbandry
28:25 Light Cavalry
29:49 Iron Casting
29:35 Chain Barding Armor
32:30 Imperial Age
31:18 Coinage
31:21 Detinets
31:53 Scale Mail Armor
31:15 Pikeman
31:55 Squires
31:16 Man-at-Arms
32:34 Hussar
33:51 Plate Barding Armor
34:16 Blast Furnace
33:38 Conscription
33:58 Chain Mail Armor
33:29 Long Swordsman
34:23 Druzhina
34:06 Capped Ram
34:27 Two-Handed Swordsman
35:00 Siege Ram
35:34 Champion
36:07 Fletching
36:38 Ballistics
37:18 Chemistry
36:27 Siege Engineers
38:32 Two-Man Saw
38:02 Crop Rotation
38:43 Plate Mail Armor
38:33 Bodkin Arrow
39:00 Ballistics
38:51 Masonry
39:42 Chemistry
OS+ | 青田龙
0:48 Loom
12:52 Feudal Age
17:03 Castle Age
14:58 Double-Bit Axe
15:00 Horse Collar
18:18 Bow Saw
18:15 Heavy Plow
26:24 Wheelbarrow
26:15 Town Watch
27:30 Stone Mining
32:56 Imperial Age
30:51 Scale Barding Armor
31:09 Squires
30:29 Man-at-Arms
31:22 Forging
31:28 Caravan
32:40 Chain Barding Armor
32:25 Husbandry
32:46 Bloodlines
35:34 Plate Barding Armor
35:35 Iron Casting
35:55 Conscription
35:34 Elite Centurion
36:26 Long Swordsman
Blaaaa
10:26 Feudal Age
14:02 Castle Age
12:51 Horse Collar
13:31 Double-Bit Axe
16:43 Bow Saw
21:41 Loom
22:35 Wheelbarrow
22:01 Heavy Plow
21:55 Gold Mining
21:55 Stone Mining
24:44 Hand Cart
25:43 Stone Shaft Mining
25:44 Gold Shaft Mining
28:49 Imperial Age
27:59 Pikeman
28:24 Gambesons
28:40 Scale Mail Armor
28:51 Forging
28:50 Town Watch
29:24 Stronghold
29:52 Chain Mail Armor
29:03 Onager
29:39 Halberdier
30:11 Siege Onager
31:53 Furor Celtica
32:29 Conscription
33:10 Plate Mail Armor
33:53 Siege Engineers
33:54 Capped Ram
35:28 Iron Casting
35:05 Siege Ram
35:22 Elite Woad Raider
38:58 Blast Furnace
Mamboreta
7:48 Loom
10:03 Feudal Age
10:08 Man-at-Arms
10:55 Double-Bit Axe
14:21 Horse Collar
21:48 Castle Age
22:56 Bow Saw
27:39 Fervor
30:10 Wheelbarrow
34:34 Imperial Age
32:12 Heavy Plow
32:36 Hand Cart
32:45 Sanctity
34:41 Atonement
34:26 Eagle Warrior
35:07 Squires
35:08 Scale Mail Armor
35:18 Forging
35:59 Crop Rotation
35:21 Arson
36:21 Chain Mail Armor
35:49 Elite Eagle Warrior
38:07 Plate Mail Armor
39:32 Iron Casting
Connection lost

Rejoining the realm…

Still unreachable

The connection could not be restored.

Session expired

The server has moved on; the page needs a fresh start.